 Dungeon Crawl Stone Soup version 0.32-a0-675-gdc239d62e1 (webtiles) character file.

Game seed: 15942088421256394877

6234 Implojin the Slicer (level 10, -11/80 HPs)
             Began as a Coglin Delver on Mar 11, 2024.
             Was a Believer of Lugonu.
             Mangled by a +1 great sword of speed (21 damage)
             ... created by the rancor of the Wu Jian Council
             ... on level 8 of the Dungeon.
             The game lasted 00:23:20 (10313 turns).

Implojin the Slicer (Coglin Delver)                Turns: 10313, Time: 00:23:20

Health: -11/80     AC: 14    Str: 13    XL:     10   Next: 92%
Magic:  10/10      EV: 10    Int: 10    God:    Lugonu [**....]
Gold:   253        SH:  0    Dex: 19    Spells: 9/9 levels left

rFire   . . .        J - +1 dagger (distort) {Cedro}
rCold   . . .        F - +2 dagger (speed) {Nenetl}
rNeg    . . .        O - +4 scale mail
rPois   .            m - +1 helmet
rElec   .            t - +0 cloak
rCorr   .            (no gloves)
SInv    .            C - +0 pair of boots
Will    .....        (amulet unavailable)
Stlth   +++          (ring unavailable)
HPRegen 0.33/turn    (ring unavailable)
MPRegen 0.12/turn    (no gizmo)

%: no passive effects
@: no status effects
A: off-hand wielding, slow wielding, warmup strikes, no jewellery
a: Invent Gizmo, Renounce Religion, Depart the Abyss, Banish


You were on level 8 of the Dungeon.
You worshipped Lugonu.
Lugonu was pleased with you.
You visited 2 branches of the dungeon, and saw 10 of its levels.
You visited the Abyss 1 time.

You collected 572 gold pieces.
You spent 319 gold pieces at shops.

Inventory:

Hand Weapons
 b - a +1 scimitar of electrocution
 r - a +0 vampiric short sword {Elena}
 y - a +2 vampiric dagger {Leticia}
 F - a +2 dagger of speed (offhand) {Nenetl}
 H - a +0 rapier
 I - a +2 dagger of venom {Bunsong}
 J - a +1 dagger of distortion (weapon) {Cedro}
Missiles
 a - 27 poisoned darts (quivered)
 j - 7 boomerangs
 x - a curare-tipped dart
Armour
 m - a +1 helmet (worn)
 t - a +0 cloak (worn)
 v - a +2 robe of cold resistance
 C - a +0 pair of boots (worn)
 O - a +4 scale mail (worn)
Wands
 e - a wand of quicksilver (2)
 f - a wand of mindburst (3)
 g - a wand of digging (3)
 p - a wand of flame (40)
 B - a wand of charming (8)
Scrolls
 c - a scroll of fog
 d - 4 scrolls of immolation
 i - 2 scrolls of teleportation
 q - 2 scrolls of blinking {unknown}
 s - a scroll of poison
 w - a scroll of amnesia {unknown}
 D - 2 scrolls of enchant weapon {unknown}
 E - 2 scrolls of revelation
 N - a scroll of identify
Potions
 k - a potion of ambrosia
 l - a potion of lignification {unknown}
 n - a potion of brilliance {unknown}
 o - a potion of degeneration {unknown}
 u - 2 potions of heal wounds {unknown}
 z - 2 potions of resistance
 G - 2 potions of enlightenment {unknown}
 L - a potion of mutation
 M - a potion of cancellation


   Skills:
 - Level 8.0 Fighting
 - Level 10.0 Short Blades
 - Level 3.8 Dodging
 * Level 8.2 Stealth
 - Level 6.0 Evocations


You had 9 spell levels left.
You didn't know any spells.
Your spell library contained the following spells:

 Spells                   Type           Power      Damage    Failure   Level
 Call Imp                 Summ           0%         N/A       96%         2
 Sublimation of Blood     Necr           0%         N/A       96%         2
 Manifold Assault         Tloc           0%         N/A       100%        4
 Dispersal                Tloc           0%         N/A       100%        6
 Summon Hydra             Summ           0%         N/A       100%        7
 Disjunction              Tloc           0%         N/A       100%        8


Dungeon Overview and Level Annotations

Branches:
Dungeon (9/15)             Temple (1/1) D:6
   Lair: D:8-11         Orc: D:9-12

Altars:
Ashenzari
Cheibriados
Dithmenos
Elyvilon
Fedhas
Gozag
Hepliaklqana
Kikubaaqudgha
Makhleb
Nemelex Xobeh
Okawaru
Qazlal
Ru
Sif Muna
Trog
Uskayaw
Vehumet
Wu Jian
Xom
Yredelemnul
Zin
The Shining One

Shops:
D:8 (=!

Annotations:
D:5 2 transporters, SageDae's ghost, novice CoGl
D:9 2 runed translucent doors


Innate Abilities, Weirdness & Mutations

You can wield a second weapon in your off-hand.
It takes a long time for you to wield or remove held weapons.
Your first few attacks do less damage.
You cannot equip rings or amulets.


Message History

Unknown command.
Unknown command.
Okay, then.
Okay, then.
Okay, then.
Magic scrolls do not work when you're silenced!
Unknown command.
Aiming: Mindburst
Press: ? - help, Shift-Dir - straight line, f - you
Okay, then.
Okay, then.
Okay, then.
Magic scrolls do not work when you're silenced!
Okay, then.
Aiming: Quicksilver Bolt
Press: ? - help, Shift-Dir - straight line, f - +1 great sword of speed
Aim: a +1 great sword of speed (durably summoned, 77% to hit)
Okay, then.
Okay, then.
Magic scrolls do not work when you're silenced!
Okay, then.
Magic scrolls do not work when you're silenced!
Unknown command.
The +1 great sword of speed attacks as it pursues you!
The +1 great sword of speed barely misses you.
You feel yourself slow down.
Magic scrolls do not work when you're silenced!
Unknown command.
The +1 great sword of speed attacks as it pursues you!
The +1 great sword of speed hits you.
* * * LOW HITPOINT WARNING * * *
Unknown command.
Okay, then.
Your hearing returns.
The +1 great sword of speed hits you!
* * * LOW HITPOINT WARNING * * *
Unknown command.
As you read the scroll of summoning, it crumbles to dust.
Wisps of shadow whirl around you... The +1 great sword of speed hits you!!
You die...

....##...).#####.########
....#####........# ....#
#..>..[...# ..### #[#)......#
..# #.#.......#
..######.#.......#
##.......#..####F#
#.......#..####(#
#.......#....##@#
#.......##.#.##o#
#.[.....#..#.##o#
#.......##.#.##o#
#######.##.#.##o#
#####.##.#.##.#
####.....##.#....##############
.......[....#............<....#
####.########.#################


You could see a +1 great sword of speed (ally target), a friendly orc warrior
(summoned), a friendly bullfrog (summoned) and 3 friendly orcs.

Vanquished Creatures
  A two-headed ogre (D:9)
  An unseen horror (D:6)
  4 yaks (D:8)
  A wyvern (D:8)
  2 steam dragons
  A water moccasin (D:6)
  A sky beast (D:8)
  2 ogres
  2 centaurs
  A phantom (D:5)
  3 kobold brigands
  Blork the orc (D:5)
  2 bullfrogs
  2 scorpions (D:6)
  12 wights
  5 howler monkeys
  2 bombardier beetles
  A quasit (D:6)
  3 hounds
  3 jellies
  Crazy Yiuf (D:3)
  7 orc priests
  A gnoll bouda (D:8)
  A sleepcap (D:5)
  Terence (D:2)
  6 orc wizards
  2 iguanas
  Robin (D:2)
  9 gnolls
  7 adders
  2 shadow imps
  5 white imps
  2 ufetubi (D:6)
  A dart slug (D:2)
  2 ribbon worms
  17 orcs
  5 ball pythons
  2 endoplasms
  3 giant cockroaches
  5 hobgoblins
  9 jackals
  6 bats
  4 frilled lizards
  20 goblins
  20 kobolds
  6 rats
195 creatures vanquished.

Vanquished Creatures (collateral kills)
  A centaur warrior (D:9)
  A kobold brigand (D:9)
  3 wights (D:7)
  2 orcs (D:7)
7 creatures vanquished.

Vanquished Creatures (others)
  A wight (D:8)
1 creature vanquished.

Grand Total: 203 creatures vanquished

Notes
Turn   | Place    | Note
-------+----------+-------------------------------------------
     0 | D:5      | Implojin the Coglin Delver began the quest for the Orb.
     0 | D:5      | Reached XP level 1. HP: 18/18 MP: 1/1
    55 | D:4      | Reached skill level 2 in Short Blades
   145 | D:3      | Reached XP level 2. HP: 22/24 MP: 2/2
   297 | D:1      | Reached skill level 3 in Short Blades
   488 | D:1      | Reached XP level 3. HP: 26/29 MP: 3/3
   988 | D:2      | Reached XP level 4. HP: 35/35 MP: 4/4
  1089 | D:2      | Reached skill level 4 in Short Blades
  1105 | D:2      | Noticed Robin
  1125 | D:2      | Reached skill level 1 in Evocations
  1237 | D:2      | Killed Robin
  1346 | D:2      | Noticed Terence
  1428 | D:2      | Killed Terence
  1429 | D:2      | Reached XP level 5. HP: 37/41 MP: 5/5
  1818 | D:3      | Found a white marble altar of Elyvilon.
  1831 | D:3      | Found a shadowy altar of Dithmenos.
  1909 | D:3      | Found a runed translucent door.
  1910 | D:3      | Noticed Crazy Yiuf
  2339 | D:3      | Killed Crazy Yiuf
  2779 | D:4      | Reached skill level 5 in Short Blades
  2779 | D:4      | Reached XP level 6. HP: 36/47 MP: 6/6
  3498 | D:5      | Reached skill level 6 in Short Blades
  3571 | D:5      | Reached XP level 7. HP: 52/52 MP: 7/7
  4207 | D:5      | Found a transporter.
  4207 | D:5      | Found a transporter.
  4208 | D:5      | Noticed SageDae's ghost (novice CoGl)
  4250 | D:5      | Noticed Blork the orc
  4259 | D:5      | Killed Blork the orc
  4260 | D:5      | Reached skill level 7 in Short Blades
  4511 | D:5      | Reached XP level 8. HP: 55/60 MP: 8/8
  4981 | D:6      | Reached skill level 8 in Short Blades
  5331 | D:6      | Reached skill level 5 in Evocations
  5963 | D:6      | Found a staircase to the Ecumenical Temple.
  6039 | D:6      | Killed an unseen horror
  6040 | D:6      | Reached skill level 9 in Short Blades
  6040 | D:6      | Reached XP level 9. HP: 34/65 MP: 9/9
  6059 | Temple   | Entered the Ecumenical Temple
  6149 | Temple   | Became a worshipper of the Wu Jian Council
  7414 | D:7      | Reached skill level 10 in Short Blades
  7579 | D:7      | Reached skill level 5 in Fighting
  7997 | D:8      | Found Zulokut's Jewellery Shoppe.
  8279 | D:8      | Reached * piety under Wu Jian
  8481 | D:8      | Found Xulu's Weapon Boutique.
  8568 | D:8      | Found Maom's Distillery.
  8817 | D:8      | Reached XP level 10. HP: 76/80 MP: 10/10
  9101 | D:8      | Bought a potion of curing for 33 gold pieces
  9101 | D:8      | Bought a potion of mutation for 88 gold pieces
  9101 | D:8      | Bought a potion of resistance for 110 gold pieces
  9101 | D:8      | Bought a potion of cancellation for 88 gold pieces
  9351 | Abyss:1  | Cast into level 1 of the Abyss (orc wizard)
  9352 | Abyss:1  | :oh shi
  9363 | Abyss:1  | Found a corrupted altar of Lugonu.
  9365 | Abyss:1  | Fell from the grace of Wu Jian
  9365 | Abyss:1  | Became a worshipper of Lugonu the Unformed
  9365 | Abyss:1  | Reached * piety under Lugonu
  9365 | Abyss:1  | Reached ** piety under Lugonu
  9366 | D:9      | Escaped the Abyss
  9465 | D:9      | Noticed a two-headed ogre
  9649 | D:9      | Killed a two-headed ogre
  9650 | D:9      | Reached skill level 5 in Stealth
  9977 | D:9      | Banished a heavy broad axe
  9977 | D:9      | Banished a dire flail of freezing
  9977 | D:9      | Banished a rapier of electrocution
  9977 | D:9      | Banished a glaive of electrocution
  9977 | D:9      | Banished a rapier of electrocution
  9984 | D:9      | Found a large runed translucent door.
  9985 | D:9      | Found a large runed translucent door.
 10031 | D:8      | Banished a dire flail of flaming
 10031 | D:8      | Banished a heavy broad axe
 10031 | D:8      | Banished a heavy glaive
 10158 | D:9      | Noticed a centaur warrior
 10162 | D:9      | HP: 2/80 [centaur warrior/arrow (10)]
 10167 | D:9      | Killed a centaur warrior
 10247 | D:8      | Banished a great sword of flaming
 10247 | D:8      | Banished a heavy rapier
 10247 | D:8      | Banished a rapier of speed
 10247 | D:8      | Banished a quarterstaff of speed
 10248 | D:8      | Noticed a +1 great sword of speed
 10302 | D:9      | Banished a heavy quarterstaff
 10302 | D:9      | Banished a broad axe of flaming
 10302 | D:9      | Banished a rapier of freezing
 10302 | D:9      | Banished a broad axe of speed
 10303 | D:9      | Noticed a +2 glaive of speed
 10313 | D:8      | Mangled by a +1 great sword of speed

Illustrated notes

.............
............
.....#..#..## .
...∩........#..
#..............
.............
#.#..........
#...@.......
#.#..........
#..........
#..........
...........
............
.............
#.............


Turn 9352 on Abyss:1: :oh shi

Levels and vault maps discovered:
D:1:      ebering_trefoil_twist, layout_basic
D:2:      layout_rooms, kennysheep_generic_room_9, uniq_terence, uniq_robin
D:3:      layout_basic, minitemple, uniq_crazy_yiuf_cottage
D:4:      layout_rooms
D:5:      layout_gridville, gammafunk_ghost_smash, uniq_blork_the_orc
D:6:      layout_layer_cave, minmay_temple_entry_mini_moons, serial_demonic,
          serial_demonic_c, serial_demonic_c, serial_demonic_f, serial_demonic_b
D:7:      layout_basic
D:8:      layout_basic, serial_shops, shop, nicolae_shop_real_fake_doors,
          nicolae_shop_industrial_runoff
D:9:      layout_cave_pools, minmay_misc_feat_plants,
          minmay_hollow_rounded_squares
Temple:   nicolae_temple_bog_church

Skill      XL: |  1  2  3  4  5  6  7  8  9 10 |
---------------+-------------------------------+-----
Short Blades   | 2 3 4 5 6 7 9 10 | 10.0
Evocations     | 3 6 |  6.0
Fighting       | 4 8 |  8.0
Dodging        | 3 |  3.8
Stealth        | 8 |  8.2

Action                     |  1- 3 |  4- 6 |  7- 9 | 10-12 || total
---------------------------+-------+-------+-------+-------++-------
  Melee: Short sword       |   141 |   184 |   229 |       ||   554
         Dagger            |     2 |   119 |   566 |   296 ||   983
  Throw: Dart              |       |     8 |     4 |     2 ||    14
 Invoke: Depart the Abyss  |       |       |       |     1 ||     1
Ability: Lunge             |       |       |    12 |     3 ||    15
         Whirlwind         |       |       |       |     2 ||     2
  Evoke: Wand              |       |     4 |    21 |    10 ||    35
    Use: Scroll            |     1 |     1 |     6 |     5 ||    13
         Potion            |     1 |       |       |     2 ||     3
   Stab: Sleeping          |     8 |     6 |     5 |       ||    19
 Armour: Leather armour    |    46 |    75 |    18 |       ||   139
         Robe              |       |       |   113 |       ||   113
         Ring mail         |       |       |    80 |    60 ||   140
         Scale mail        |       |       |       |    41 ||    41
  Dodge: Dodged            |    58 |    64 |   137 |    51 ||   310

Table legend: (Time is in decaauts)
 A = Elapsed time spent in this place.
 B = Non-inter-level travel time spent in this place.
 C = Inter-level travel time spent in this place.
 D = Time resting spent in this place.
 E = Time spent auto-exploring this place.
 F = Levels seen in this place.
 G = Mean time per level.
                   A        B        C        D        E       F      G
               +--------+--------+--------+--------+--------+-----+--------+
         Total |   9964 |   9429 |    535 |   1330 |   5548 |  11 |  905.8 |
       Dungeon |   9850 |   9323 |    527 |   1330 |   5467 |   9 | 1094.4 |
        Temple |     99 |     91 |      8 |      0 |     81 |   1 |   99.0 |
         Abyss |     14 |     14 |      0 |      0 |      0 |   1 |   14.0 |
               +--------+--------+--------+--------+--------+-----+--------+

Top non-repeatable levels by time:
     D:5: 2350 daAuts
     D:8: 1698 daAuts
     D:6: 1374 daAuts
     D:3: 1085 daAuts
     D:7: 838 daAuts
     D:2: 689 daAuts
     D:1: 658 daAuts
     D:4: 634 daAuts
     D:9: 519 daAuts
  Temple: 99 daAuts
 Abyss:1: 14 daAuts
